cohdb
Replays
Latest Replays
All Replays
Popular Replays
Top Player Replays
Match Explorer
How It Works
Community
CoH3 Stats
Reddit
Sign in to upload your games and track your stats! →
Sign in with Steam
Match 45520655
Unlisted
Match 45520655
Overview
Messages
Build Orders
End
Selects Australian Defense Battlegroup
Selects Australian Light Infantry Section
Australian Light Infantry Section
Vickers Machine Gun Team
Australian Light Infantry Section
Construct Section Command Post
Australian Light Infantry Section
Infantry Section
Grenade Package
Construct Platoon Command Post
Unlock M3 Stuart Light Tanks
Selects Defensive Tactics
M3 Stuart Light Tank
Selects CMP 15cwt Supply Run
Infantry Training
M3 Stuart Light Tank
Zlewozmywak
Grzeczyn89
Hamler
chmod 777
mav2kfk
MrXanathos
0
0
Comments
sign in to comment!
No comments posted yet!